 Dungeon Crawl Stone Soup version 0.27.1-33-g824d729ab1 (console) character file.

Game seed: 16236854475276500853

37 Banquo the Chopper (level 3, 0/45 HPs)
             Began as a Djinni Berserker on Dec 29, 2021.
             Was a Follower of Trog.
             Slain by an ogre (20 damage)
             ... on level 2 of the Dungeon.
             The game lasted 00:02:21 (1290 turns).

Banquo the Chopper (Djinni Berserker)               Turns: 1290, Time: 00:02:21

Health: 0/45       AC:  2    Str: 16    XL:     3   Next: 62%
Gold:   21         EV: 12    Int:  9    God:    Trog [*.....] SH:  0 Dex: 12

rFire    + + .     SeeInvis .   a - +0 hand axe
rCold    x . .     Faith    .   (no shield)
rNeg     + . .     Spirit   .   b - +0 animal skin
rPois    ∞         Reflect  .   (no helmet)
rElec    .         Harm     .   (no cloak)
rCorr    .         Rampage  .   (no gloves)
Will     .....                  (boots unavailable)
Stlth    ..........             (no amulet)
HPRegen  0.15/turn              j - ring of positive energy
MPRegen  0.00/turn              (no ring)

@: berserking, flying, very quick
A: sickness immunity, fire resistance 2, cold vulnerability 1, float, innate
caster, hp casting, extra vitality 1
a: Renounce Religion, Berserk


You were on level 2 of the Dungeon.
You worshipped Trog.
Trog was aware of your devotion.
You visited 1 branch of the dungeon, and saw 2 of its levels.

You collected 21 gold pieces.

Inventory:

Hand Weapons
 a - a +0 hand axe (weapon)
 h - a +1 short sword of electrocution
 i - a +0 spear
Missiles
 c - 47 stones (quivered)
Armour
 b - a +0 animal skin (worn)
Jewellery
 d - an amulet of magic regeneration
 j - a ring of positive energy (left hand)
Scrolls
 f - 2 scrolls of identify {unknown}
 g - a scroll of enchant armour {unknown}
Potions
 e - a potion of haste {unknown}


   Skills:
 - Level 3.0 Fighting
 + Level 3.6 Axes
 - Level 2.0 Armour
 - Level 2.1 Dodging


You had one spell level left.
You knew the following spells:

 Your Spells              Type           Power      Damage    Failure   Level
a - Apportation           Tloc           0%         N/A       38%         1
Your spell library was empty.

Dungeon Overview and Level Annotations

Branches:
Dungeon (2/15)

Altars:


Innate Abilities, Weirdness & Mutations

You are immune to sickness and miasma.
You are immune to poison.
Your flesh is very heat resistant. (rF++)
You are vulnerable to cold. (rC-)
You float through the air rather than walking.
You learn spells naturally, not from books.
Your magical power is your life essence.
You have superior vitality. (+4 HP)


Message History

f - 2 scrolls labelled QEDDOE ZEFA (gained 1)
The rat barely misses you.
You barely miss the rat. The rat bites you.
You hit the rat.
You kill the rat!
Trog accepts your kill.
No target in view!
There is a shaft here.
Done exploring.
Done exploring.
Search for what [? for help]? .
You see here a +0 pair of boots.
There is an open door here.
There is a stone staircase leading down here.
You fly downwards.
There is a stone staircase leading up here.
You fly upwards.
There is a stone staircase leading down here.
You see here a +0 dagger.
You see here a +0 club.
There is a stone staircase leading down here.
You fly downwards.
The ogre shouts!
There is a stone staircase leading up here.
A red film seems to cover your vision as you go berserk!
You feel yourself moving faster!
You feel mighty!
You barely miss the ogre.
The ogre hits you with a +0 giant spiked club!!
Ouch! That really hurt!
You hit the ogre.
The ogre is lightly wounded.
You barely miss the ogre.
The ogre is lightly wounded.
The ogre barely misses you.
You barely miss the ogre.
The ogre is lightly wounded.
You slash the ogre!
The ogre is heavily wounded.
The ogre hits you with a +0 giant spiked club!!
You die...

###
#@#
#O#
#.#
#..
###


You could see an ogre.

Vanquished Creatures
  A gnoll (D:1)
  2 endoplasms (D:1)
  3 goblins (D:1)
  2 hobgoblins (D:1)
  3 jackals (D:1)
  2 kobolds (D:1)
  5 ball pythons (D:1)
  2 frilled lizards (D:1)
  6 rats (D:1)
26 creatures vanquished.

Notes
Turn   | Place    | Note
-------+----------+-------------------------------------------
     0 | D:1      | Banquo the Djinni Berserker began the quest for the Orb.
     0 | D:1      | Reached XP level 1. HP: 20/20 MP: 0/0
   213 | D:1      | Reached XP level 2. HP: 25/25 MP: 0/0
   238 | D:1      | Found a faded altar of an unknown god.
   562 | D:1      | Reached XP level 3. HP: 30/30 MP: 0/0
   562 | D:1      | Learned a level 1 spell: Apportation
  1284 | D:2      | Noticed an ogre
  1290 | D:2      | Slain by an ogre

Illustrated notes

Levels and vault maps discovered:
D:1:      saegor_arrival_simple_e, layout_basic, basic_ecumenical_altar,
          st_stairs_2
D:2:      layout_basic, serial_curves, eino_curves_02, eino_curves_04,
          uniq_crazy_yiuf_cottage

Skill      XL: |  1  2 |
---------------+-------+-----
Axes           | 3 |  3.6
Fighting       | |  3.0
Armour         | |  2.0
Dodging        | |  2.1

Action                   || total
-------------------------++-------
Melee: Hand axe          ||    71
Invok: Berserk           ||     3
 Stab: Sleeping          ||     1
Armor: Animal skin       ||    11
Dodge: Dodged            ||    36
